 Dungeon Sprint DCSS version 0.23-a0-643-g9ccc95a (webtiles) character file.

133 Cecillian the Shield-Bearer (level 5, -11/36 HPs)
             Began as a Gargoyle Fighter on Dec 31, 2018.
             Killed from afar by a deep elf mage (22 damage)
             ... with a bolt of fire
             ... in the Dungeon (Sprint III: "The Ten Rune Challenge").
             The game lasted 00:01:29 (688 turns).

Cecillian the Shield-Bearer (Gargoyle Fighter)       Turns: 688, Time: 00:01:31

Health: -11/36     AC: 11    Str: 21    XL:     5   Next: 16%
Magic:  5/5        EV:  8    Int:  8    God:
Gold:   35         SH: 15    Dex: 17    Spells: 4/4 levels left

rFire    . . .     SeeInvis .   a - +0 flail
rCold    . . .     Gourm    .   c - +0 shield
rNeg     + . .     Faith    .   b - +0 scale mail
rPois    ∞         Spirit   .   (no helmet)
rElec    +         Reflect  .   (no cloak)
rCorr    .         Harm     .   (no gloves)
MR       .....     Clarity  +   (no boots) Stlth ..........NoTele +
                                (no amulet)
HPRegen  0.12/turn              l - +6 ring of dexterity
MPRegen  0.09/turn              (no ring)

@: liquid flames, glowing
A: large bone plates 1, agile 1, clarity, negative energy resistance 1,
electricity resistance, unbreathing, petrification resistance, rot immunity,
subdued magic 1, AC +4
a: no special abilities


You were in the Dungeon.
You were not hungry.

You visited 1 branch You collected 35 gold pieces.

Inventory:

Hand Weapons
 a - a +0 flail (weapon)
Armour
 b - a +0 scale mail (worn)
 c - a +0 shield (worn)
Jewellery
 l - a +6 ring of dexterity (left hand)
Scrolls
 k - 2 scrolls of blinking
 m - 2 scrolls of holy word {unknown}
 n - 3 scrolls of identify
 o - 3 scrolls of remove curse
Potions
 e - a potion of curing
 h - a potion of haste
 i - 2 potions of magic
 j - a potion of berserk rage
 p - 2 potions of flight {unknown}
 q - a potion of brilliance {unknown}
 r - 3 potions of mutation
Comestibles
 f - 3 rations


   Skills:
 + Level 5.8 Fighting
 + Level 5.3 Maces & Flails
 + Level 6.3 Armour
 + Level 1.0 Dodging
 + Level 6.3 Shields


You had 4 spell levels left.
You didn't know any spells.
Your spell library contained the following spells:

 Spells                   Type           Power        Failure   Level  Hunger
 Confusing Touch          Hex            #.....       97%         1    ##.....
 Confuse                  Hex            #.......     100%        3    ####...
 Gell's Gravitas          Tloc           #.........   100%        3    ####...
 Petrify                  Tmut/Erth      #.......     100%        4    #####..
 Metabolic Englaciation   Hex/Ice        #.........   100%        5    ######.
 Yara's Violent Unravell  Hex/Tmut       #.........   100%        5    ######.


Dungeon Overview and Level Annotations

Branches:
Dungeon (1/1)

Altars:
Elyvilon
Kikubaaqudgha
Sif Muna
Vehumet
Zin
The Shining One


Innate Abilities, Weirdness & Mutations

You are resistant to torment.
Your stone body is resilient. (AC +4)
You are immune to poison.
You resist negative energy. (rN+)
You are resistant to electric shocks. (rElec)
You can survive without breathing.
You are immune to petrification.
You are immune to rotting.
You are partially covered in large bone plates. (SH +4)
You are agile. (Dex +2)
You possess an exceptional clarity of mind.
Your spells are a little easier to cast, but a little less powerful.


Message History

You block the deep elf mage's attack.
You sock the deep elf mage!
The deep elf mage is almost dead.
You are covered in liquid flames!
The deep elf mage gestures wildly while chanting.
All of the chunks of flesh in your inventory have rotted away.
You hit the deep elf mage.
The deep elf mage is almost dead.
You are covered in liquid flames!
The deep elf mage points at you and mumbles some strange words.
The sticky flame hits you!
You are covered in liquid flames!
You hit the deep elf mage.
The deep elf mage is almost dead.
You are covered in liquid flames!
The fire elemental closely misses you. The deep elf mage casts a spell at you.
The bolt of fire hits you!
Ouch! That really hurt!
You die...

▓▓▓▓▓▓▓ ▓▓▓ .'....♣♣
♣.##### .#.....♣ ♣.#_☼E#
##....♣♣ ♣.#°Ee#
.#....≈♣♣♣♣♣.###@#+###+##
.#...≈≈......#..........#
.#..≈≈≈≈.♣♣♣.'.⌠........#
'#..≈≈≈≈≈≈.♣.#...######+#
÷#.≈≈≈≈≈≈....#.⌠.#
.#.≈≈≈≈≈.....#...#
.#.≈≈≈.......#)###
##...........#...#
.............#___#


You could see a deep elf mage and 2 fire elementals.

Vanquished Creatures
  A water elemental (D)
  A human (D)
  A kobold demonologist (D)
  2 oozes (D)
  A phantom (D)
  2 rats (D)
8 creatures vanquished.

Vanquished Creatures (others)
  2 draconian scorchers (D)
  6 hellions (D)
  A yaktaur (D)
  A wizard (D)
10 creatures vanquished.

Grand Total: 18 creatures vanquished

Notes
Turn   | Place    | Note
-------+----------+-------------------------------------------
     0 | D        | Cecillian the Gargoyle Fighter began the quest for the Orb.
     0 | D        | Reached XP level 1. HP: 14/14 MP: 1/1
    12 | D        | Reached XP level 2. HP: 20/20 MP: 2/2
    56 | D        | Killed a yaktaur
    68 | D        | Reached skill level 5 in Shields
    68 | D        | Reached XP level 3. HP: 5/24 MP: 3/3
    79 | D        | Killed a hellion
    87 | D        | Killed a hellion
    87 | D        | Killed a hellion
   102 | D        | Killed a hellion
   102 | D        | Killed a hellion
   153 | D        | Killed a hellion
   186 | D        | Killed a white draconian scorcher
   233 | D        | Killed a white draconian scorcher
   384 | D        | Noticed a water elemental
   389 | D        | Gained mutation: You possess an exceptional clarity of
                  | mind. [potion of mutation]
   389 | D        | Gained mutation: You are partially covered in large bone
                  | plates. (SH +4) [potion of mutation]
   389 | D        | Gained mutation: Your spells are a little easier to cast,
                  | but a little less powerful. [potion of mutation]
   389 | D        | Gained mutation: You are agile. (Dex +2) [potion of
                  | mutation]
   402 | D        | Killed a water elemental
   402 | D        | Reached skill level 5 in Fighting
   402 | D        | Reached skill level 5 in Armour
   402 | D        | Reached XP level 4. HP: 21/31 MP: 4/4
   454 | D        | Found a radiant altar of Vehumet.
   454 | D        | Found a deep blue altar of Sif Muna.
   454 | D        | Found an ancient bone altar of Kikubaaqudgha.
   454 | D        | Noticed a wizard
   457 | D        | Noticed a smoke demon
   457 | D        | Killed a wizard
   457 | D        | Reached skill level 1 in Dodging
   457 | D        | Reached XP level 5. HP: 31/36 MP: 5/5
   461 | D        | Noticed a soul eater
   462 | D        | Noticed a neqoxec
   464 | D        | Reached skill level 5 in Maces & Flails
   659 | D        | Found a glowing silver altar of Zin.
   659 | D        | Found a glowing golden altar of the Shining One.
   659 | D        | Found a white marble altar of Elyvilon.
   659 | D        | Noticed a deep elf mage
   687 | D        | Noticed a fire elemental
   687 | D        | Noticed a fire elemental
   688 | D        | Killed from afar by a deep elf mage

Vault maps used:
D:        dungeon_sprint_mu

Skill      XL: |  1  2  3  4  5 |
---------------+----------------+-----
Fighting       | 4 5 |  5.8
Armour         | 4 5 6 |  6.3
Shields        | 4 5 6 |  6.3
Maces & Flails | 3 4 5 |  5.3
Dodging        | 1 |  1.0

Action                   |  1- 3 |  4- 6 || total
-------------------------+-------+-------++-------
Melee: Flail             |    49 |    28 ||    77
  Use: Potion            |     1 |     2 ||     3
Armor: Scale mail        |    19 |     9 ||    28
Dodge: Dodged            |     9 |     4 ||    13
Block: Shield            |    28 |    13 ||    41

Table legend:
 A = Non-vault XP
 B = Vault XP
 C = Vault XP percentage of total XP
 D = Non-vault monster count
 E = Vault monster count
 F = Vault count percentage of total count
                 A         B        C        D         E       F
            +---------+---------+-------+---------+---------+-------
      Total |       0 |     190 | 100.0 |       0 |       9 | 100.0
            +---------+---------+-------+---------+---------+-------
          D |       0 |     190 | 100.0 |       0 |       9 | 100.0
            +---------+---------+-------+---------+---------+-------
